 Dungeon Crawl Stone Soup version 0.28-a0-1117-g0bdd5ba030 (webtiles) character file.

Game seed: 17701468371374057966

77 spiderkeys the Skirmisher (level 4, 0/35 HPs)
             Began as a Djinni Abyssal Knight on Dec 11, 2021.
             Was a Believer of Lugonu.
             Killed from afar by an orc (32 damage)
             ... with a bolt of acid
             ... on level 3 of the Dungeon.
             The game lasted 00:04:37 (3250 turns).

spiderkeys the Skirmisher (Djinni Abyssal Knight)   Turns: 3250, Time: 00:04:38

Health: 0/35       AC:  6    Str: 18    XL:     4   Next: 58%
Gold:   183        EV: 12    Int: 14    God:    Lugonu [**....] SH:  0 Dex: 13

rFire   + + .      SeeInvis .   a - +1 falchion
rCold   x . .      Faith    .   (no shield)
rNeg    + . .      Spirit   .   d - +2 robe {rN+}
rPois   ∞          Reflect  .   (no helmet)
rElec   .          Harm     .   (no cloak)
rCorr   .          Rampage  .   j - +1 pair of gloves
Will    .....                   (boots unavailable)
Stlth   +.........              (no amulet)
HPRegen 0.11/turn               S - +6 ring of strength
MPRegen 0.00/turn               (no ring)

@: flying
A: sickness immunity, fire resistance 2, cold vulnerability 1, float, innate
caster, hp casting, extra vitality 1
a: Renounce Religion, Depart the Abyss, Bend Space


You were on level 3 of the Dungeon.
You worshipped Lugonu.
Lugonu was pleased with you.
You visited 1 branch of the dungeon, and saw 3 of its levels.
You visited the Abyss 1 time.

You collected 183 gold pieces.


Innate Abilities, Weirdness & Mutations

You are immune to sickness and miasma.
You are immune to poison.
Your flesh is very heat resistant. (rF++)
You are vulnerable to cold. (rC-)
You float through the air rather than walking.
You learn spells naturally, not from books.
Your magical power is your life essence.
You have superior vitality. (+4 HP)


   Skills:
 + Level 3.4 Fighting
 + Level 2.3 Long Blades
 - Level 1.0 Armour
 + Level 2.9 Dodging
 * Level 1.6 Spellcasting
 - Level 1.7 Invocations


You had 5 spell levels left.
You knew the following spells:

 Your Spells              Type           Power      Damage    Failure   Level
z - Sandblast             Erth           10%        2d5       13%         1
Your spell library was empty.

Inventory:

Hand Weapons
 a - a +1 falchion (weapon)
Missiles
 c - 8 bolts
 h - 67 stones
 k - 54 arrows
 l - 13 poisoned darts
Armour
 b - a +0 leather armour
 d - a +2 robe of positive energy (worn)
   (You found it on level 2 of the Abyss)
 j - a +1 pair of gloves (worn)
   (You found it on level 1 of the Dungeon)
Jewellery
 S - a +6 ring of strength (left hand)
   (You took it off a kobold on level 2 of the Dungeon)
Scrolls
 g - a scroll of amnesia {unknown}
 i - a scroll of identify {unknown}
 m - a scroll of enchant armour {unknown}
 o - a scroll of fear {unknown}
 p - a scroll of holy word {unknown}
 q - 2 scrolls of vulnerability {!r!r}
 r - a scroll of acquirement {unknown}
 s - a scroll of magic mapping {unknown}
Potions
 e - a potion of curing {unknown}
 f - a potion of attraction {unknown}
 n - a potion of flight {unknown}

Dungeon Overview and Level Annotations

Branches:
Dungeon (3/15)

Altars:

Shops:
D:2

= ... ...........................
... ............#..#.#[.#####.##
### #....##.#.............####.##
# #........>................... #
........#.#.o#..#.##..####.## #
#..........)oo........# #.... #
#.........#..#..#.##..# ##.## #
#.........#..#..#.##..# #.# #
.#.........#.@#..#.##..####.#
###.#....##'###..#..#.##..##.#.#
...............................#
............###...#.#.##..##.###
.........##.###...........##.####
.[...............................
###..#####..###...#.#.##..##.#.##
###......#..###...###.#..........
.................................


You could see 3 orcs.


Message History

😕 HP[-1]
You take 1 damage, and now have 34/35 hp.
You barely miss the giant cockroach. The quokka barely misses you.
The giant cockroach bites you but does no damage.
You hit the giant cockroach.
The giant cockroach bites you but does no damage.
The quokka barely misses you.
The giant cockroach bites you but does no damage.
You hit the giant cockroach.
You kill the giant cockroach!
Lugonu accepts your kill. The quokka barely misses you.
The quokka closely misses you.
You closely miss the quokka. The quokka closely misses you.
You closely miss the quokka.
The quokka bites you but does no damage. x2
You hit the quokka. The quokka bites you. 😕 HP[-3]
You take 3 damage, and now have 31/35 hp.
You closely miss the quokka. The quokka barely misses you.
The quokka closely misses you. 😕 HP[+1]
You barely miss the quokka. The quokka closely misses you.
You hit the quokka. The quokka barely misses you. x2
You slash the quokka!
You kill the quokka!
Lugonu accepts your kill.
No target in view!
No target in view!
Key pressed, stopping explore.
Key pressed, stopping explore.
A quokka comes into view. 😎 HP[+3]
Your hp is fully restored (35).
A quokka is nearby!
You completely miss the quokka. The quokka bites you. 😕 HP[-1]
You take 1 damage, and now have 34/35 hp.
You barely miss the quokka.
The quokka bites you but does no damage.
The quokka bites you. 😕 HP[-3]
You take 3 damage, and now have 31/35 hp.
You barely miss the quokka. The quokka closely misses you.
You hit the quokka. The quokka closely misses you.
The quokka bites you but does no damage. 😕 HP[+1]
You closely miss the quokka. The quokka bites you. 😕 HP[-2]
You take 2 damage, and now have 30/35 hp.
You miss the quokka. The quokka closely misses you.
The quokka bites you. 😕 HP[-1]
You take 1 damage, and now have 29/35 hp.
You slash the quokka!
You kill the quokka!
Lugonu accepts your kill.
No target in view!
No target in view!
No target in view!
Key pressed, stopping explore.
Key pressed, stopping explore.
There is an open door here.
Key pressed, stopping explore.
Key pressed, stopping explore.
There is an open door here.
An orc comes into view. It is wielding a +0 flail. 😎 HP[+6]
Your hp is fully restored (35).
An orc is nearby!
An orc comes into view. It is wielding a +0 mace.
An orc comes into view.
It is wielding a +0 spear, wearing a +0 robe of willpower and carrying a wand of acid (6).
The orc shouts! x3; You hear a shout!
You barely miss the orc. The orc barely misses you.
You barely miss the orc. The orc barely misses you.
An orc comes into view. It is wielding a +0 club.
The orc hits you with a +0 flail. 😕 HP[-2]
You take 2 damage, and now have 33/35 hp.
The orc hits you but does no damage.
Casting: Sandblast (safe; 13% risk of failure)
Confirm with . or Enter, or press ? or * to list all spells.
Aiming: Sandblast (safe; 13% risk of failure)
Press: ? - help, Shift-Dir - straight line, f - orc
Aim: an orc, wielding a +0 mace (78% to hit)
The blast of sand hits the orc!
You kill the orc!
Lugonu accepts your kill.
h - 68 stones 😕 HP[-1]
You take 1 damage, and now have 32/35 hp.
Casting: Sandblast (safe; 13% risk of failure)
Confirm with . or Enter, or press ? or * to list all spells.
Aiming: Sandblast (safe; 13% risk of failure)
Press: ? - help, Shift-Dir - straight line, f - orc
Aim: an orc, wielding a +0 spear, wearing a +0 robe of willpower and carrying a wand of acid (6) (78% to hit)
The blast of sand hits the orc.
h - 67 stones The orc zaps a wand.
The bolt of acid hits you!!
Ouch! That really hurt!
You die...

Skill      XL: |  1  2  3 |
---------------+----------+-----
Long Blades    | 2 |  2.3
Spellcasting   | 1 |  1.6
Fighting       | |  3.4
Armour         | |  1.0
Dodging        | |  2.9
Invocations    | |  1.7

Action                   |  1- 3 |  4- 6 || total
-------------------------+-------+-------++-------
Melee: Falchion          |   114 |    66 ||   180
 Cast: Sandblast         |     8 |     3 ||    11
Invok: Depart the Abyss  |     1 |       ||     1
  Use: Scroll            |       |     1 ||     1
 Stab: Sleeping          |     2 |     1 ||     3
Armor: Robe              |    42 |    29 ||    71
Dodge: Dodged            |    77 |    55 ||   132

Levels and vault maps discovered:
D:1:      dpeg_arrival_houses_and_road, layout_basic,
          nicolae_ecumenical_snake_handling, hangedman_decor_push
D:2:      minmay_kobold_bridge, layout_loops_cross, serial_shops, shop_statue
D:3:      layout_basic, uniq_jessica

Notes
Turn   | Place    | Note
-------+----------+-------------------------------------------
     0 | Abyss:1  | spiderkeys the Djinni Abyssal Knight began the quest for
                  | the Orb.
     0 | Abyss:1  | Reached XP level 1. HP: 20/20 MP: 0/0
     0 | Abyss:1  | magus.rc [v1.9.10]
    26 | Abyss:2  | Noticed a rakshasa
    43 | Abyss:2  | Noticed an ancient zyme
    66 | Abyss:2  | Noticed a thrashing horror
    70 | D:1      | You pass through the gate.
    70 | D:1      | Escaped the Abyss
   226 | D:1      | Reached XP level 2. HP: 25/25 MP: 0/0
   321 | D:1      | Reached * piety under Lugonu
   324 | D:1      | Reached skill level 2 in Long Blades
   653 | D:1      | Found a faded altar of an unknown god.
   864 | D:1      | Reached XP level 3. HP: 27/30 MP: 0/0
   864 | D:1      | Learned a level 1 spell: Sandblast
   866 | D:1      | Reached skill level 1 in Spellcasting
  1799 | D:2      | Reached XP level 4. HP: 35/35 MP: 0/0
  1806 | D:2      | Reached ** piety under Lugonu
  1991 | D:2      | Found Moajegus's Jewellery Boutique.
  3250 | D:3      | Killed from afar by an orc

Vanquished Creatures
  2 worms (D:2)
  3 dart slugs
  An orc (D:3)
  3 bats
  4 endoplasms
  3 giant cockroaches
  3 goblins
  5 hobgoblins
  3 jackals (D:1)
  9 kobolds
  5 quokkas
  10 ball pythons
  3 frilled lizards
  2 rats
56 creatures vanquished.

Table legend:
 A = Non-vault XP
 B = Vault XP
 C = Vault XP percentage of total XP
 D = Non-vault monster count
 E = Vault monster count
 F = Vault count percentage of total count
                 A         B        C        D         E       F
            +---------+---------+-------+---------+---------+-------
      Total |      98 |      12 |  10.9 |      48 |       8 |  14.3
            +---------+---------+-------+---------+---------+-------
        D:1 |      41 |       6 |  12.8 |      22 |       4 |  15.4
        D:2 |      47 |       6 |  11.3 |      21 |       4 |  16.0
        D:3 |      10 |       0 |   0.0 |       5 |       0 |   0.0
            +---------+---------+-------+---------+---------+-------

Illustrated notes

Table legend:
 A = Kills in this place as a percentage of kills in entire the game.
 B = Kills by you in this place as a percentage of kills by you in the entire game.
 C = Kills by friends in this place as a percentage of kills by friends in the entire game.
 D = Other kills in this place as a percentage of other kills in the entire game.
 E = Experience gained in this place as a percentage of experience gained in the entire game.
 F = Experience gained in this place divided by the number of levels of this place that you have seen.
                   A       B       C       D       E      F
               +-------+-------+-------+-------+-------+----------------------
         Total | 100.0 | 100.0 |   N/A |   N/A | 100.0 |  22.0
       Dungeon | 100.0 | 100.0 |   N/A |   N/A | 100.0 |  36.7
               +-------+-------+-------+-------+-------+----------------------

Table legend: (Time is in decaauts)
 A = Elapsed time spent in this place.
 B = Non-inter-level travel time spent in this place.
 C = Inter-level travel time spent in this place.
 D = Time resting spent in this place.
 E = Time spent auto-exploring this place.
 F = Levels seen in this place.
 G = Mean time per level.
                   A        B        C        D        E       F      G
               +--------+--------+--------+--------+--------+-----+--------+
         Total |   3284 |   3243 |     41 |    184 |   2490 |   5 |  656.8 |
       Dungeon |   3215 |   3174 |     41 |    184 |   2490 |   3 | 1071.7 |
         Abyss |     69 |     69 |      0 |      0 |      0 |   2 |   34.5 |
               +--------+--------+--------+--------+--------+-----+--------+

Top non-repeatable levels by time:
     D:2: 1376 daAuts
     D:1: 1255 daAuts
     D:3: 583 daAuts
 Abyss:2: 59 daAuts
 Abyss:1: 10 daAuts
